 Dungeon Crawl Stone Soup version 0.22.0-81-g402daae900 (webtiles) character file.

282 JedernureinKreuz the Conjurer (level 6, -1/44 HPs)
             Began as a Gnoll Conjurer on Sept 16, 2018.
             Slain by a hound (6 damage)
             ... on level 3 of the Dungeon.
             The game lasted 00:12:11 (3011 turns).

JedernureinKreuz the Conjurer (Gnoll Conjurer)      Turns: 3011, Time: 00:12:12

Health: -1/44      AC:  4    Str: 10    XL:     6   Next: 28%
Magic:  1/14       EV: 14    Int: 20    God:
Gold:   139        SH:  0    Dex: 15    Spells: 7/15 levels left

rFire    . . .     SeeInvis .   B - +2 short sword (elec)
rCold    . . .     Gourm    .   (no shield)
rNeg     . . .     Faith    .   i - +0 leather armour
rPois    .         Spirit   .   (no helmet)
rElec    .         Reflect  .   (no cloak)
rCorr    .         Harm     .   o - +0 pair of gloves
MR       .....                  (no boots)
Stlth    +++.......             (no amulet)
HPRegen  0.14/turn              (no ring)
MPRegen  0.14/turn              (no ring)

@: no status effects
A: distributed training, fangs 1, strong nose
a: no special abilities


You were on level 3 of the Dungeon.
You were not hungry.

You visited 1 branch of the dungeon, and saw 4 of its levels.

You collected 139 gold pieces.

Inventory:

Hand Weapons
 d - a +0 dagger
 s - a +1 dagger of venom
 y - a +1 hand axe of freezing
 B - a +2 short sword of electrocution (weapon)
Missiles
 q - 21 bolts
 w - 53 arrows
Armour
 a - a +0 robe
 i - a +0 leather armour (worn)
 o - a +0 pair of gloves (worn)
 t - a +0 pair of gloves
Jewellery
 e - an uncursed amulet of faith {unknown}
Wands
 f - a wand of random effects (13)
 x - a wand of disintegration (12)
Scrolls
 g - a scroll of immolation {unknown}
 j - 3 scrolls of blinking {unknown}
 m - a scroll of random uselessness {unknown}
 r - 3 scrolls of identify {unknown}
 u - 3 scrolls of remove curse {unknown}
 v - a scroll of teleportation {unknown}
Potions
 b - 2 potions of invisibility {unknown}
 h - a potion of curing {unknown}
 k - 2 potions of heal wounds {unknown}
 l - a potion of mutation {unknown}
 n - 2 potions of might {unknown}
 p - a potion of resistance {unknown}
 A - a potion of agility {unknown}
Comestibles
 c - 10 rations
 z - 10 chunks of flesh


   Skills:
 + Level 1.8 Fighting
 + Level 1.8 Short Blades
 + Level 1.8 Long Blades
 + Level 1.8 Axes
 + Level 1.8 Maces & Flails
 + Level 1.8 Polearms
 + Level 1.8 Staves
 + Level 1.8 Slings
 + Level 1.8 Bows
 + Level 1.8 Crossbows
 + Level 1.8 Throwing
 + Level 1.8 Armour
 + Level 4.9 Dodging
 + Level 4.5 Stealth
 + Level 1.8 Shields
 + Level 1.8 Unarmed Combat
 + Level 5.3 Spellcasting
 + Level 7.2 Conjurations
 + Level 1.4 Hexes
 + Level 1.4 Charms
 + Level 1.4 Summonings
 + Level 1.4 Necromancy
 + Level 1.4 Translocations
 + Level 1.4 Transmutations
 + Level 1.4 Fire Magic
 + Level 1.4 Ice Magic
 + Level 1.4 Air Magic
 + Level 1.4 Earth Magic
 + Level 1.4 Poison Magic
 + Level 2.0 Invocations
 + Level 1.8 Evocations


You had 7 spell levels left.
You knew the following spells:

 Your Spells              Type           Power        Failure   Level  Hunger
a - Magic Dart            Conj           ####         1%          1    None
b - Iskenderun's Mystic   Conj           ####....     8%          4    ####...
c - Dazzling Spray        Conj/Hex       ###...       8%          3    ##.....

Your spell library contained the following spells:

 Spells                   Type           Power        Failure   Level  Hunger
 Searing Ray              Conj           ####..       1%          2    None
 Force Lance              Conj/Tloc      ###.....     24%         4    ####...
 Fulminant Prism          Conj/Hex       ###.......   24%         4    ####...


Dungeon Overview and Level Annotations

Branches:
Dungeon (4/15)
 Temple: D:4-7

Altars:
Trog

Annotations:
D:4 Sigmund


Innate Abilities, Weirdness & Mutations

Your experience applies equally to all skills.
You have very sharp teeth.
Your uncanny sense of smell can sniff out nearby items.


Message History

The magic dart hits the hound.
The hound is severely wounded.
The hound barely misses you. The hound bites you but does no damage.
Casting: Magic Dart (safe; 1% risk of failure)
Confirm with . or Enter, or press ? or * to list all spells.
Aiming: Magic Dart (safe; 1% risk of failure)
Press: ? - help, Shift-Dir - straight line, f/p - hound
Aim: a hound (severely wounded)
The magic dart hits the hound.
The hound is severely wounded.
The hound barely misses you.
Casting: Magic Dart (safe; 1% risk of failure)
Confirm with . or Enter, or press ? or * to list all spells.
Aiming: Magic Dart (safe; 1% risk of failure)
Press: ? - help, Shift-Dir - straight line, f/p - hound
Aim: a hound (severely wounded)
The magic dart hits the hound.
The hound is severely wounded.
The hound bites you.
You die...

#.# #.######..#.#.#.......#####
#.# ##.#####..#..#....#.#..# #
#.# #..##....##...........>#####
#.###.....###...........#...##..
#.##..#######.##.....>..##.....#
#.##..##......#....########...##
#.##.[##.######...## #.......
##.##.###.###..).h.# #.......
......##..##....@..## #.......
......##.##.........# #.......
....................# ##.......
.........##.........#####........
###..#.####...............#######
#.....####..........######
###.................#
########.........## #.......^)#


You could see a hound.

Vanquished Creatures
  An ogre (D:3)
  An orc priest (D:3)
  An orc wizard (D:3)
  4 adders
  2 worms
  3 dart slugs
  2 leopard geckos
  7 orcs (D:3)
  2 ball pythons
  3 giant cockroaches
  11 hobgoblins
  2 jackals (D:1)
  2 quokkas
  8 bats
  5 frilled lizards
  14 goblins
  12 kobolds
  11 rats
91 creatures vanquished.

Notes
Turn   | Place    | Note
-------+----------+-------------------------------------------
     0 | D:1      | JedernureinKreuz the Gnoll Conjurer began the quest for the
                  | Orb.
     0 | D:1      | Reached XP level 1. HP: 13/13 MP: 6/6
   177 | D:1      | Reached XP level 2. HP: 19/19 MP: 2/7
   968 | D:2      | Reached XP level 3. HP: 25/25 MP: 7/9
   999 | D:2      | Reached skill level 5 in Spellcasting
  1145 | D:2      | Reached skill level 1 in Invocations
  1362 | D:2      | Reached skill level 1 in Fighting
  1362 | D:2      | Reached skill level 1 in Short Blades
  1362 | D:2      | Reached skill level 1 in Long Blades
  1362 | D:2      | Reached skill level 1 in Axes
  1362 | D:2      | Reached skill level 1 in Maces & Flails
  1362 | D:2      | Reached skill level 1 in Polearms
  1362 | D:2      | Reached skill level 1 in Staves
  1362 | D:2      | Reached skill level 1 in Slings
  1362 | D:2      | Reached skill level 1 in Bows
  1362 | D:2      | Reached skill level 1 in Crossbows
  1362 | D:2      | Reached skill level 1 in Throwing
  1362 | D:2      | Reached skill level 1 in Armour
  1362 | D:2      | Reached skill level 1 in Shields
  1362 | D:2      | Reached skill level 1 in Unarmed Combat
  1362 | D:2      | Reached skill level 1 in Evocations
  1373 | D:2      | Reached XP level 4. HP: 25/32 MP: 7/11
  1817 | D:3      | Found a faded altar of an unknown god.
  1822 | D:3      | Noticed an ogre
  1823 | D:3      | Reached skill level 1 in Hexes
  1823 | D:3      | Reached skill level 1 in Charms
  1823 | D:3      | Reached skill level 1 in Summonings
  1823 | D:3      | Reached skill level 1 in Necromancy
  1823 | D:3      | Reached skill level 1 in Translocations
  1823 | D:3      | Reached skill level 1 in Transmutations
  1823 | D:3      | Reached skill level 1 in Fire Magic
  1823 | D:3      | Reached skill level 1 in Ice Magic
  1823 | D:3      | Reached skill level 1 in Air Magic
  1823 | D:3      | Reached skill level 1 in Earth Magic
  1823 | D:3      | Reached skill level 1 in Poison Magic
  1889 | D:3      | Killed an ogre
  1889 | D:3      | Reached XP level 5. HP: 3/37 MP: 12/12
  2189 | D:3      | Learned a level 4 spell: Iskenderun's Mystic Blast
  2193 | D:3      | Learned a level 3 spell: Dazzling Spray
  2607 | D:3      | Reached XP level 6. HP: 43/44 MP: 6/13
  2913 | D:3      | Found a bloodstained altar of Trog.
  2992 | D:4      | Noticed Sigmund
  3011 | D:3      | Slain by a hound

Skill      XL: |  1  2  3  4  5  6 |
---------------+-------------------+-----
Spellcasting   | 5 |  5.3
Invocations    | 1 2 |  2.0
Fighting       | 1 |  1.8
Short Blades   | 1 |  1.8
Long Blades    | 1 |  1.8
Axes           | 1 |  1.8
Maces & Flails | 1 |  1.8
Polearms       | 1 |  1.8
Staves         | 1 |  1.8
Slings         | 1 |  1.8
Bows           | 1 |  1.8
Crossbows      | 1 |  1.8
Throwing       | 1 |  1.8
Armour         | 1 |  1.8
Shields        | 1 |  1.8
Unarmed Combat | 1 |  1.8
Evocations     | 1 |  1.8
Hexes          | 1 |  1.4
Charms         | 1 |  1.4
Summonings     | 1 |  1.4
Necromancy     | 1 |  1.4
Translocations | 1 |  1.4
Transmutations | 1 |  1.4
Fire Magic     | 1 |  1.4
Ice Magic      | 1 |  1.4
Air Magic      | 1 |  1.4
Earth Magic    | 1 |  1.4
Poison Magic   | 1 |  1.4
Dodging        | |  4.9
Stealth        | |  4.5
Conjurations   | |  7.2

Action                   |  1- 3 |  4- 6 || total
-------------------------+-------+-------++-------
Melee: Dagger            |    56 |    46 ||   102
       Bite              |     2 |    11 ||    13
       Punch             |       |     1 ||     1
       Short sword       |       |    22 ||    22
 Cast: Magic Dart        |    54 |    70 ||   124
       Iskenderun's Myst |       |     4 ||     4
 Stab: Sleeping          |     5 |     2 ||     7
  Eat: Chunk             |     1 |     3 ||     4
       Ration            |       |     1 ||     1
Armor: Leather armour    |    12 |    14 ||    26
Dodge: Dodged            |    40 |    51 ||    91
